 Dungeon Crawl Stone Soup version 0.23.2-33-g5129a83184 (webtiles) character file.

Game seed: 11613356301906595365

939 psyvane the Chopper (level 8, -5/75 HPs)
             Began as an Ogre Arcane Marksman on July 14, 2019.
             Slain by a worker ant (8 damage)
             ... on level 5 of the Dungeon.
             The game lasted 00:24:09 (5849 turns).

psyvane the Chopper (Ogre Arcane Marksman)          Turns: 5849, Time: 00:24:09

Health: -5/75      AC:  3    Str: 16    XL:     8   Next: 12%
Magic:  10/10      EV: 10    Int: 14    God:
Gold:   169        SH:  0    Dex: 10    Spells: 2/9 levels left

rFire    x . .     SeeInvis .   u - +2 hand axe (flame)
rCold    + . .     Gourm    .   (no shield)
rNeg     . . .     Faith    .   a - +0 robe
rPois    .         Spirit   .   (helmet restricted)
rElec    .         Reflect  .   (no cloak)
rCorr    .         Harm     .   (gloves unavailable)
MR       .....                  (boots unavailable)
Stlth    +.........             (no amulet)
HPRegen  0.22/turn              b - ring of ice
MPRegen  0.12/turn              (no ring)

@: no status effects
A: large, unfitting armour, tough skin 1
a: no special abilities


You were on level 5 of the Dungeon.
You were hungry.

You visited 1 branch of the dungeon, and saw 6 of its levels.

You collected 169 gold pieces.

Inventory:

Hand Weapons
 h - a +0 halberd of flaming
 j - a +0 dagger of venom
 p - a +2 long sword of draining
 u - a +2 hand axe of flaming (weapon)
Missiles
 c - 4 large rocks (quivered)
 d - 2 throwing nets
Armour
 a - a +0 robe (worn)
Jewellery
 b - a ring of ice (left hand)
 e - an uncursed amulet of guardian spirit
Wands
 i - a wand of enslavement (3)
Scrolls
 g - a scroll of amnesia
 m - a scroll of remove curse
 n - a scroll of teleportation
 o - 2 scrolls of magic mapping {unknown}
 q - a scroll of identify
 r - a scroll of enchant armour {unknown}
 w - a scroll of brand weapon {unknown}
Potions
 k - 3 potions of curing
 l - 3 potions of flight
 s - a potion of magic {unknown}
 t - a potion of agility {unknown}
Comestibles
 f - 12 rations


   Skills:
 - Level 3.5 Fighting
 * Level 6.2 Axes
 - Level 2.2 Throwing
 - Level 1.7 Dodging
 - Level 1.4 Spellcasting
 - Level 5.8 Hexes


You had 2 spell levels left.
You knew the following spells:

 Your Spells              Type           Power        Failure   Level  Hunger
a - Corona                Hex            ###....      2%          1    ##.....
b - Slow                  Hex            ###.....     3%          2    ###....
c - Cause Fear            Hex            ###.......   22%         4    #####..

Your spell library contained the following spells:

 Spells                   Type           Power        Failure   Level  Hunger
 Inner Flame              Hex/Fire       #.......     22%         3    ####...
 Portal Projectile        Hex/Tloc       #.....       22%         3    ####...
 Leda's Liquefaction      Hex/Erth       #.........   58%         4    #####..


Dungeon Overview and Level Annotations

Branches:
Dungeon (6/15)
 Temple: D:4-7

Altars:

Shops:
D:4 !%:

Annotations:
D:6 Eustachio


Innate Abilities, Weirdness & Mutations

You are too large for most types of armour.
You have tough skin. (AC +1)


Message History

Found a scale mail.
Found a stone staircase leading down.
Okay, then.
Okay, then.
Found a scroll of teleportation.
A leopard gecko comes into view.
Found a plate armour.
A worker ant comes into view.
The worker ant twitches its antennae in your direction.
An adder comes into view.
The killer bee buzzes angrily. x2; You hear an angry buzzing noise.
The adder moves out of view.
The killer bee buzzes angrily. x2; You hear an angry hiss.
The killer bee stings you but does no damage.
Found 6 gold pieces.
You see here a scroll of teleportation.
n - a scroll of teleportation The killer bee stings you.
* * * LOW HITPOINT WARNING * * *
The killer bee barely misses you. The worker ant bites you!
You die...

....###..#...######....
.....#...##....##.#....
...w........ow.........
..
.....###...#..o.....#.
..
......##.......o#..##
..
#.........####.5#...#
..
#...##.....##......##
.. #########.......o.##
.. ##......@a# ..
#.....#yy...... ..
#[....##..y..... ..
...... ......... ..
...... .....y... ..
................ ..
..... S$........ ..
........... .. ..


You could see a worm, a worker ant, 4 killer bees, an adder (wandering), a
shadow imp and 4 orcs.

Vanquished Creatures
  2 phantoms
  A scorpion (D:4)
  A killer bee (D:6)
  11 orcs
  A howler monkey (D:4)
  3 crimson imps
  2 hounds
  2 orc wizards (D:4)
  2 orc priests (D:4)
  An iguana (D:4)
  Terence (D:3)
  A worker ant (D:6)
  4 gnolls (D:4)
  7 adders
  2 shadow imps
  2 oozes
  An adder zombie (D:6)
  An adder skeleton (D:6)
  A worm (D:3)
  2 dart slugs
  8 leopard geckos
  2 giant cockroaches (D:3)
  4 hobgoblins
  4 jackals (D:1)
  A quokka (D:5)
  A ball python (D:2)
  7 bats
  3 frilled lizards
  4 goblins
  6 kobolds
  A leopard gecko zombie (D:6)
  8 rats
97 creatures vanquished.

Vanquished Creatures (collateral kills)
  An orc priest (D:3)
  A worm (D:3)
  4 orcs (D:3)
6 creatures vanquished.

Vanquished Creatures (others)
  An orc priest (D:3)
1 creature vanquished.

Grand Total: 104 creatures vanquished

Notes
Turn   | Place    | Note
-------+----------+-------------------------------------------
     0 | D:1      | psyvane the Ogre Arcane Marksman began the quest for the
                  | Orb.
     0 | D:1      | Reached XP level 1. HP: 19/19 MP: 2/2
   406 | D:1      | Reached XP level 2. HP: 18/28 MP: 0/4
   529 | D:1      | Learned a level 2 spell: Slow
   666 | D:1      | Reached XP level 3. HP: 18/37 MP: 1/5
  1607 | D:3      | Reached XP level 4. HP: 39/45 MP: 3/6
  1772 | D:3      | Reached XP level 5. HP: 20/53 MP: 3/7
  2262 | D:3      | Noticed Terence
  2275 | D:3      | Killed Terence
  2593 | D:4      | Found Ushung's Food Boutique.
  2644 | D:4      | Reached skill level 5 in Hexes
  2653 | D:4      | Reached XP level 6. HP: 20/61 MP: 4/8
  2937 | D:4      | Learned a level 4 spell: Cause Fear
  2983 | D:4      | Found Funeawku's Book Shoppe.
  3274 | D:4      | Reached skill level 1 in Axes
  3470 | D:4      | Reached skill level 2 in Axes
  3948 | D:4      | Reached XP level 7. HP: 67/67 MP: 2/9
  4066 | D:4      | Reached skill level 3 in Axes
  4463 | D:4      | Found Evampo's Distillery.
  4836 | D:5      | Entered Level 5 of the Dungeon
  4847 | D:4      | Reached skill level 4 in Axes
  5176 | D:6      | Reached skill level 5 in Axes
  5443 | D:6      | Reached XP level 8. HP: 68/75 MP: 6/10
  5521 | D:6      | Reached skill level 6 in Axes
  5783 | D:6      | Noticed Eustachio
  5835 | D:5      | HP: 3/75 [orc (2)]
  5849 | D:5      | HP: 3/75 [killer bee (3)]
  5849 | D:5      | Slain by a worker ant

Skill      XL: |  1  2  3  4  5  6  7  8 |
---------------+-------------------------+-----
Fighting       | 3 |  3.5
Hexes          | 3 4 5 |  5.8
Axes           | 2 5 6 |  6.2
Throwing       | |  2.2
Dodging        | |  1.7
Spellcasting   | |  1.4

Action                   |  1- 3 |  4- 6 |  7- 9 || total
-------------------------+-------+-------+-------++-------
Melee: Unarmed           |    32 |       |       ||    32
       Dagger            |    87 |   115 |       ||   202
       Hand axe          |       |    18 |   143 ||   161
Throw: Large rock        |     4 |     3 |     1 ||     8
 Cast: Corona            |    28 |    29 |    37 ||    94
       Slow              |     5 |    15 |    15 ||    35
Evoke: Wand              |     1 |       |       ||     1
  Use: Scroll            |     7 |     2 |     2 ||    11
       Potion            |       |     4 |     3 ||     7
  Eat: Chunk             |     3 |    10 |     5 ||    18
       Ration            |       |       |     1 ||     1
Armor: Robe              |    43 |    15 |    29 ||    87
       Skin              |       |     3 |     1 ||     4
Dodge: Dodged            |    78 |    77 |    84 ||   239
